 Dungeon Crawl Stone Soup version 0.21-a0-630-g344d351 (webtiles) character file.

31 tidbits the Caller (level 3, 4/25 HPs)
             Began as a Gnoll Summoner on Dec 26, 2017.
             Quit the game on level 2 of the Dungeon.
             The game lasted 00:03:01 (598 turns).

tidbits the Caller (Gnoll Summoner)                  Turns: 598, Time: 00:03:02

Health: 4/25       AC:  6    Str: 10    XL:     3   Next: 22%
Magic:  7/9        EV: 14    Int: 18    God:
Gold:   52         SH:  0    Dex: 15    Spells: 6/12 levels left

rFire    . . .     SeeInvis .   d - +2 dagger (venom)
rCold    . . .     Gourm    .   (no shield)
rNeg     . . .     Faith    .   a - +0 robe
rPois    .         Spirit   .   (no helmet)
rElec    .         Reflect  .   (no cloak)
rCorr    .         Harm     .   (no gloves)
MR       .....                  (no boots)
Stlth    +++.......             (no amulet)
HPRegen  0.08/turn              U - +4 ring of protection
MPRegen  0.11/turn              (no ring)

@: lethally poisoned (4 -> 0), very slightly contaminated, invisible
A: distributed training, fangs 1, strong nose
a: no special abilities


You were on level 2 of the Dungeon.
You were not hungry.

You visited 1 branch of the dungeon, and saw 2 of its levels.

You collected 52 gold pieces.

Inventory:

Hand Weapons
 d - a +2 dagger of venom (weapon)
   (You took it off a kobold on level 1 of the Dungeon)
Missiles
 g - 15 arrows
Armour
 a - a +0 robe (worn)
Jewellery
 e - an uncursed ring of ice
   (You found it on level 1 of the Dungeon)
 U - a +4 ring of protection (left hand)
   (You found it on level 2 of the Dungeon)
Scrolls
 f - a scroll of immolation {unknown}
 h - 2 scrolls of remove curse {unknown}
 i - 2 scrolls of identify {unknown}
 j - a scroll of magic mapping {unknown}
Books
 b - a book of Callings

   Spells                             Type                      Level
   a - Summon Small Mammal            Summoning                    1
   b - Call Imp                       Summoning                    2
   c - Call Canine Familiar           Summoning                    3
   d - Summon Guardian Golem          Hexes/Summoning              3
   e - Summon Lightning Spire         Summoning/Air                4
   f - Summon Ice Beast               Ice/Summoning                4
Comestibles
 c - 6 rations


   Skills:
 + Level 0.6 Fighting
 + Level 0.6 Short Blades
 + Level 0.6 Long Blades
 + Level 0.6 Axes
 + Level 0.6 Maces & Flails
 + Level 0.6 Polearms
 + Level 0.6 Staves
 + Level 0.6 Slings
 + Level 0.6 Bows
 + Level 0.6 Crossbows
 + Level 0.6 Throwing
 + Level 0.6 Armour
 + Level 4.5 Dodging
 + Level 4.1 Stealth
 + Level 0.6 Shields
 + Level 0.6 Unarmed Combat
 + Level 5.0 Spellcasting
 + Level 0.4 Conjurations
 + Level 0.4 Hexes
 + Level 0.4 Charms
 + Level 7.1 Summonings
 + Level 0.4 Necromancy
 + Level 0.4 Translocations
 + Level 0.4 Transmutations
 + Level 0.4 Fire Magic
 + Level 0.4 Ice Magic
 + Level 0.4 Air Magic
 + Level 0.4 Earth Magic
 + Level 0.4 Poison Magic
 + Level 0.8 Invocations
 + Level 0.6 Evocations


You had 6 spell levels left.
You knew the following spells:

 Your Spells              Type           Power        Failure   Level  Hunger
a - Summon Small Mammal   Summ           ####         1%          1    None
b - Call Canine Familiar  Summ           ####....     2%          3    ##.....
i - Call Imp              Summ           ####....     1%          2    #......


Dungeon Overview and Level Annotations

Branches:
Dungeon (2/15)

Altars:


Innate Abilities, Weirdness & Mutations

Your experience applies equally to all skills.
You have very sharp teeth.
Your uncanny sense of smell can sniff out nearby items.


Message History

The bat hits your quokka. x2; The bat misses your quokka.
Your quokka bites the bat.
The worm closely misses you.
You hit the worm.
The worm looks as sick as possible!
The worm is severely wounded.
The bat barely misses your quokka.
Your quokka closely misses the bat.
The bat closely misses your quokka.
Your quokka bites the bat.
You hit the worm but do no damage.
The worm looks as sick as possible!
The worm is severely wounded.
The bat closely misses your quokka.
Your quokka closely misses the bat.
The worm bites you!
Ouch! That really hurt!
* * * LOW HITPOINT WARNING * * *
Your quokka closely misses the bat.
You hit the worm.
You kill the worm!
The bat hits your quokka. x2; Your quokka closely misses the bat.
Your quokka barely misses the bat.
Your quokka bites the bat.
The bat dies!
Things that are here:
4 stones; a kobold corpse You now have 37 gold pieces (gained 3).
Found a bubbling orange potion.
A giant cockroach comes into view.
A giant cockroach is nearby!
You see here a bubbling orange potion.
The helpless giant cockroach fails to defend itself.
You puncture the giant cockroach!
You kill the giant cockroach!
You swap places.
You swap places.
Your quokka disappears in a puff of smoke!
k - a bubbling orange potion You swap places.
You see here a giant cockroach corpse.
Found 15 gold pieces.
Your quokka disappears in a puff of smoke!
Found a stone staircase leading down.
You now have 52 gold pieces (gained 15).
A ball python comes into view.
The ball python hisses angrily.
The ball python bites you but does no damage.
The ball python closely misses you.
You hit the ball python.
The ball python is poisoned.
The ball python is heavily wounded.
You kill the ball python!
You have reached level 3!
Your experience leads to an increase in your attributes!
Increase (S)trength, (I)ntelligence, or (D)exterity?
You feel clever.
Memorise Call Canine Familiar, consuming 3 spell levels and leaving 5?
You start memorising the spell.
You continue memorising. x3
You finish memorising.
Spell assigned to 'b'.
You see here a ball python corpse.
Found a ration.
c - 6 rations (gained 1)
Found an emerald ring and a chain mail.
l - an emerald ring Put on which piece of jewellery? (? for menu, Esc to quit)
l - a +4 ring of protection (left hand) Adjust (i)tems, (s)pells, or (a)bilities?
Adjust which item? (? for menu, Esc to quit)
l - a +4 ring of protection (left hand) Adjust to which letter? (? for menu, Esc to quit)
U - a +4 ring of protection (left hand)
An adder comes into view.
Found a stone staircase leading down.
The adder misses you.
Casting: Summon Small Mammal
Confirm with . or Enter, or press ? or * to list all spells.
The adder bites you but does no damage. The adder closely misses you.
Your quokka barely misses the adder.
Casting: Summon Small Mammal
Confirm with . or Enter, or press ? or * to list all spells.
The adder bites you but does no damage.
Your quokka bites the adder.
The adder bites you.
* * * LOW HITPOINT WARNING * * *
You are lethally poisoned!
The adder poisons you!
* * * LOW HITPOINT WARNING * * *
You feel sick.
Your quokka closely misses the adder.
The adder barely misses you.
It was a potion of invisibility.
You fade into invisibility!
* * * LOW HITPOINT WARNING * * *
You feel sick.
Your quokka bites the adder.
The adder bites your quokka.
You are very lightly contaminated with residual magic.
You barely miss the adder.
The adder is lightly wounded.
Your quokka misses the adder. The adder misses you.
You hit the adder.
The adder is poisoned.
Your bite misses the adder.
The adder is severely wounded.
Your quokka bites the adder.
The adder closely misses you.
You barely miss the adder.
The adder is almost dead.
* * * LOW HITPOINT WARNING * * *
You feel sick.
You kill the adder!
Your Spellcasting skill increases to level 5!
Are you sure you want to abandon this character and quit the game? (Confirm with "yes".)

#. #. #. # #.
.# #∆
#.###.###
###.##.#.....#
.......#.# #.#
#>..r@r# #.#
######.###.#
#.....#
###...# ###.#
#.# #.# ###
##.## ...
####[..#


You could see 2 friendly quokkas.

Vanquished Creatures
  An adder (D:2)
  A worm (D:2)
  A leopard gecko (D:1)
  A ball python (D:2)
  A giant cockroach (D:2)
  2 jackals (D:1)
  A bat (D:1)
  3 kobolds
11 creatures vanquished.

Vanquished Creatures (collateral kills)
  A dart slug (D:1)
  2 bats
  2 giant cockroaches (D:1)
  3 goblins (D:1)
  A hobgoblin (D:1)
  2 jackals (D:1)
11 creatures vanquished.

Grand Total: 22 creatures vanquished

Notes
Turn   | Place    | Note
-------+----------+-------------------------------------------
     0 | D:1      | tidbits the Gnoll Summoner began the quest for the Orb.
     0 | D:1      | Reached XP level 1. HP: 13/13 MP: 6/6
   181 | D:1      | Reached XP level 2. HP: 9/19 MP: 4/7
   185 | D:1      | Learned a level 2 spell: Call Imp
   559 | D:2      | Reached XP level 3. HP: 8/25 MP: 9/9
   564 | D:2      | Learned a level 3 spell: Call Canine Familiar
   597 | D:2      | Reached skill level 5 in Spellcasting
   598 | D:2      | Quit the game

Vault maps used:
D:1:      onia_arrival_mini_spirals, minmay_tromino_v4_a
D:2:      kiku_gazebo_pond_becter, grunt_qazlal_clouds,
          gammafunk_temple_overflow_statue

Skill      XL: |  1  2  3 |
---------------+----------+-----
Spellcasting   | 5 |  5.0
Fighting       | |  0.6
Short Blades   | |  0.6
Long Blades    | |  0.6
Axes           | |  0.6
Maces & Flails | |  0.6
Polearms       | |  0.6
Staves         | |  0.6
Slings         | |  0.6
Bows           | |  0.6
Crossbows      | |  0.6
Throwing       | |  0.6
Armour         | |  0.6
Dodging        | |  4.5
Stealth        | |  4.1
Shields        | |  0.6
Unarmed Combat | |  0.6
Conjurations   | |  0.4
Hexes          | |  0.4
Charms         | |  0.4
Summonings     | |  7.1
Necromancy     | |  0.4
Translocations | |  0.4
Transmutations | |  0.4
Fire Magic     | |  0.4
Ice Magic      | |  0.4
Air Magic      | |  0.4
Earth Magic    | |  0.4
Poison Magic   | |  0.4
Invocations    | |  0.8
Evocations     | |  0.6

Action                   || total
-------------------------++-------
Melee: Unarmed           ||    28
       Bite              ||     3
       Dagger            ||    13
 Cast: Summon Small Mamm ||    24
  Use: Potion            ||     3
 Stab: Sleeping          ||     4
Armor: Robe              ||     8
Dodge: Dodged            ||    68

Table legend:
 A = Spawn XP
 B = Non-spawn XP
 C = Spawn XP percentage of total XP
 D = Spawn monster count
 E = Non-spawn monster count
 F = Spawn count percentage of total count
 G = Total turns spent on level
                    A         B        C        D         E        F      G
               +---------+---------+-------+---------+---------+-------+---------
         Total |       0 |      45 |   0.0 |       0 |      22 |   0.0 |   598
               +---------+---------+-------+---------+---------+-------+---------
           D:1 |       0 |      23 |   0.0 |       0 |      16 |   0.0 |   510
           D:2 |       0 |      22 |   0.0 |       0 |       6 |   0.0 |    88
               +---------+---------+-------+---------+---------+-------+---------

Table legend:
 A = Turns spent in this place as a percentage of turns spent in the entire game.
 B = Non-inter-level travel turns spent in this place as a percentage of non-inter-level travel turns spent in the entire game.
 C = Inter-level travel turns spent in this place as a percentage of turns spent in this place.
 D = Turns resting spent in this place as a percentage of non-inter-level travel turns spent in this place.
 E = Turns spent auto-exploring this place as a percentage of non-inter-level travel turns spent in this place.
 F = Non-inter-level travel turns spent in this place divided by the number of levels of this place that you've seen.
                   A       B       C       D       E      F
               +-------+-------+-------+-------+-------+----------------------
         Total | 100.0 | 100.0 |  10.9 |   0.0 |   0.0 | 266.5
       Dungeon | 100.0 | 100.0 |  10.9 |   0.0 |   0.0 | 266.5
               +-------+-------+-------+-------+-------+----------------------

Table legend:
 A = Kills in this place as a percentage of kills in entire the game.
 B = Kills by you in this place as a percentage of kills by you in the entire game.
 C = Kills by friends in this place as a percentage of kills by friends in the entire game.
 D = Other kills in this place as a percentage of other kills in the entire game.
 E = Experience gained in this place as a percentage of experience gained in the entire game.
 F = Experience gained in this place divided by the number of levels of this place that you have seen.
                   A       B       C       D       E      F
               +-------+-------+-------+-------+-------+----------------------
         Total | 100.0 | 100.0 | 100.0 |   N/A | 100.0 |  22.5
       Dungeon | 100.0 | 100.0 | 100.0 |   N/A | 100.0 |  22.5
               +-------+-------+-------+-------+-------+----------------------

Vault maps used:
D:1:      onia_arrival_mini_spirals, minmay_tromino_v4_a
D:2:      kiku_gazebo_pond_becter, grunt_qazlal_clouds,
          gammafunk_temple_overflow_statue
